 Dungeon Crawl Stone Soup version 0.30-a0-165-g1891117ce2 (webtiles) character file.

Game seed: 194683043581188598

21964 qw the Cleaver (level 12, 0/77 HPs)
             Began as a Gargoyle Fighter on Sept 28, 2022.
             Was an Elder of Okawaru.
             Killed from afar by an oklob plant (18 damage)
             ... with a splash of acid
             ... on level 4 of the Lair of Beasts.
             The game lasted 00:04:32 (9481 turns).

qw the Cleaver (Gargoyle Fighter)                   Turns: 9481, Time: 00:04:32

Health: 0/77       AC: -9    Str: 26    XL:     12   Next: 95%
Magic:  17/19      EV: 13    Int:  8    God:    Okawaru [****..]
Gold:   490        SH:  6    Dex:  9    Spells: 11/11 levels left

rFire   . . .      SeeInvis +    Y - +2 war axe (flame)
rCold   . . .      Faith    .    c - +0 buckler
rNeg    + . .      Spirit   .    s - +0 plate armour
rPois   inf        Reflect  .    m - +0 helmet
rElec   +          Harm     .    p - +0 cloak {rPois}
rCorr   +          Rampage  .    y - +0 pair of gloves "Rymnuk" {Drain rPois Regen+ rCorr}
Will    .....                    (no boots)
Stlth   ..........               j - amulet of regeneration
HPRegen 1.82/turn                h - +4 ring of evasion
MPRegen 0.16/turn                w - ring of see invisible

@: heroic, corroded
A: sickness immunity, AC +8, negative energy resistance 1, electricity
resistance, torment resistance 1, petrification resistance
a: Renounce Religion, Heroism, Finesse


You were on level 4 of the Lair of Beasts.
You worshipped Okawaru.
Okawaru was greatly pleased with you.
You visited 2 branches of the dungeon, and saw 13 of its levels.

You collected 675 gold pieces.
You spent 185 gold pieces at shops.


Innate Abilities, Weirdness & Mutations

You are immune to sickness and miasma.
Your stone body is resilient. (AC +8)
You are immune to poison.
You resist negative energy. (rN+)
You are resistant to electric shocks. (rElec)
You are resistant to unholy torment.
You are immune to petrification.


   Skills:
 - Level 10.2(15.2) Fighting
 - Level 13.0(18.0) Axes
 - Level 2.3(7.3) Throwing
 + Level 9.1(14.1) Armour
 - Level 2.2(7.2) Dodging
 - Level 6.3(11.3) Shields
 - Level 10.0 Invocations


You had 11 spell levels left.
You didn't know any spells.
Your spell library was empty.

Inventory:

Hand Weapons
 Y - a +2 war axe of flaming (weapon)
Armour
 c - a +0 buckler (worn)
 m - a +0 helmet (worn)
 p - a +0 cloak of poison resistance (worn)
 s - a +0 plate armour (worn)
 y - the +0 pair of gloves "Rymnuk" (worn) {Drain rPois Regen+ rCorr}
   (Okawaru gifted it to you on level 2 of the Lair of Beasts)

   rPois:     It protects you from poison.
   Regen:     It increases your rate of health regeneration.
   rCorr:     It protects you from acid and corrosion.
   Drain:     It drains your maximum health when unequipped.
Jewellery
 h - a +4 ring of evasion (left hand)
 j - an amulet of regeneration (around neck)
 o - a +2 ring of evasion
 v - a ring of resist corrosion
 w - a ring of see invisible (right hand)
 z - a ring of fire
Wands
 e - a wand of digging (1)
Scrolls
 a - a scroll of identify
Potions
 d - 3 potions of might
 i - 3 potions of attraction
 k - a potion of mutation
 q - a potion of resistance
 t - a potion of curing
 u - a potion of haste
 x - a potion of lignification
 A - 2 potions of brilliance {unknown}

Dungeon Overview and Level Annotations

Branches:
Dungeon (8/15)             Temple (0/1) D:6            Lair (5/5) D:8
 Shoals (0/4) Lair:3       Spider (0/4) Lair:3
  Slime: Lair:4-5

Altars:
Okawaru
Qazlal
Uskayaw
Vehumet

Shops:
D:2 [   D:4 =

Annotations:
D:1 2 runed translucent doors
D:6 2 transporters, qw's ghost, novice GrFi


Message History

The splash of acid hits you! You resist. The acid corrodes you!
9437 ||| DRINKING 2 potions of heal wounds.
You feel much better. The oklob plant spits acid at you.
The splash of acid hits you! You resist. The oklob plant spits acid at you.
The splash of acid hits you! You resist. The acid corrodes you!
9441 ||| DRINKING potion of heal wounds.
You feel much better. The oklob plant spits acid at you.
The splash of acid hits you! You resist.
You feel like a meek peon again. The oklob plant spits acid at you.
The splash of acid hits you!! You resist.
9444 ||| INVOKING Heroism.
You gain the combat prowess of a mighty hero.
The oklob plant spits acid at you. The splash of acid hits you! You resist.
The oklob plant spits acid at you. The splash of acid hits you. You resist.
The oklob plant spits acid at you. The splash of acid hits you! You resist.
The oklob plant spits acid at you. The splash of acid hits you! You resist.
The oklob plant spits acid at you. The splash of acid hits you! You resist.
The oklob plant spits acid at you. The splash of acid hits you. You resist.
The oklob plant spits acid at you. The splash of acid hits you! You resist.
The acid corrodes you!
You feel like a meek peon again. The oklob plant spits acid at you.
The splash of acid hits you. You resist.
9476 ||| INVOKING Heroism.
You gain the combat prowess of a mighty hero.
The oklob plant spits acid at you. The splash of acid hits you! You resist.
The oklob plant spits acid at you. The splash of acid hits you!! You resist.
You die...

...# ...... ........ .
....... ........
.P.P...##...P.#
.............#
.............#
.............##
..............##
##.....@.....# ......##
#.....PPP.....##.......
##....PPP......##)....##
#P....PPP..............#
###....[....#...........
###..#
#.........#...P.......
##.....#
#........#....#.......
#P.....#
##.#..P....#.....>.....
##.....#
#...##P...##...........


You could see an oklob plant.

Vanquished Creatures
  A hydra (Lair:5)
  A death yak (Lair:5)
  Pikel (D:4)
  A wolf spider (Lair:3)
  9 elephants
  4 black mambas
  A torpor snail (Lair:1)
  6 cane toads
  6 komodo dragons
  A queen bee (Lair:1)
  A polar bear (Lair:3)
  6 blink frogs
  4 dream sheep (Lair:1)
  Sigmund (D:4)
  22 yaks
  3 wyverns
  2 basilisks (Lair:2)
  2 steam dragons
  Grum (D:8)
  Menkaure (D:4)
  An acid dragon (D:8)
  8 water moccasins
  Duvessa (D:5)
  2 black bears (D:5)
  2 orc warriors
  6 wolves
  5 centaurs
  4 lemures (D:4)
  A phantom (D:6)
  8 bullfrogs
  3 scorpions
  A cane toad simulacrum (Lair:1)
  Dowan (D:5)
  26 killer bees (Lair:1)
  An electric eel (Lair:3)
  5 howler monkeys
  An orc priest (D:8)
  2 jellies (D:5)
  5 hounds
  Jessica (D:3)
  8 iguanas
  Natasha (thrice) (D:4)
  2 orc wizards (D:8)
  A wolf simulacrum (Lair:1)
  Robin (D:4)
  3 gnolls (D:4)
  12 adders
  2 shadow imps
  2 white imps
  4 ufetubi
  2 worms (D:2)
  8 dart slugs
  10 orcs
  5 endoplasms
  2 giant cockroaches
  17 goblins
  9 hobgoblins
  6 jackals
  3 quokkas
  5 ball pythons
  3 bats
  2 frilled lizards (D:1)
  7 kobolds
  3 rats
278 creatures vanquished.

Vanquished Creatures (others)
  15 fungi
  69 plants
84 creatures vanquished.

Grand Total: 362 creatures vanquished

Notes
Turn   | Place    | Note
-------+----------+-------------------------------------------
     0 | D:1      | qw the Gargoyle Fighter began the quest for the Orb.
     0 | D:1      | Reached XP level 1. HP: 14/14 MP: 1/1
     0 | D:1      | 0 ||| qw: Version: 0.2-a-12-gaebbb33
     0 | D:1      | 0 ||| qw: Game counter: 772
     0 | D:1      | 0 ||| qw: Always use a shield: true
     0 | D:1      | 0 ||| qw: God list: Okawaru
     0 | D:1      | 0 ||| qw: Allow faded altars: false
     0 | D:1      | 0 ||| qw: Do Orc after D:15 true
     0 | D:1      | 0 ||| qw: Do second Lair branch before Depths: true
     0 | D:1      | 0 ||| qw: Lair rune preference: random
     0 | D:1      | 0 ||| qw: Plans: Normal, Zot:1-4, God:TSO, Crypt, Tomb,
                  | Pan, Slime:5, Hells, Abyss, Orb
     0 | D:1      | 0 ||| PLANNING D:1-11
    50 | D:1      | Found a large runed translucent door.
    50 | D:1      | Found a large runed translucent door.
    59 | D:1      | Reached skill level 2 in Axes
   101 | D:1      | Reached XP level 2. HP: 19/19 MP: 2/2
   154 | D:1      | 154 ||| Stepping ~*~*~tactically~*~*~ (stealth).
   163 | D:1      | 163 ||| Stepping ~*~*~tactically~*~*~ (stealth).
   454 | D:1      | Found a faded altar of an unknown god.
   525 | D:1      | Reached skill level 3 in Axes
   905 | D:1      | 905 ||| Stepping ~*~*~tactically~*~*~ (stealth).
   914 | D:1      | Reached XP level 3. HP: 23/23 MP: 3/3
   914 | D:1      | 914 ||| Stepping ~*~*~tactically~*~*~ (stealth).
  1092 | D:1      | 1092 ||| Stepping ~*~*~tactically~*~*~ (stealth).
  1224 | D:1      | 1224 ||| UPGRADING to +0 pair of gloves.
  1229 | D:1      | 1229 ||| UPGRADING to +4 ring of evasion.
  1230 | D:1      | 1230 ||| READING 3 scrolls labelled KOHYOMNI REIPT.
  1231 | D:1      | 1231 ||| READING scroll labelled WIFAUB NASKO.
  1232 | D:1      | 1232 ||| READING scroll labelled SEWOITWAGG.
  1233 | D:1      | 1233 ||| READING scroll labelled ZADAFO KIBBOST.
  1234 | D:1      | 1234 ||| READING 2 scrolls of identify.
  1234 | D:1      | 1234 ||| IDENTIFYING viscous blue potion
  1277 | D:2      | 1277 ||| Stepping ~*~*~tactically~*~*~ (stealth).
  1534 | D:2      | Reached XP level 4. HP: 28/28 MP: 4/4
  1824 | D:2      | Found Sobru Qegem's Armour Boutique.
  1835 | D:2      | 1835 ||| BUYING +0 cloak of poison resistance (85 gold).
  1835 | D:2      | Bought a +0 cloak of poison resistance for 85 gold pieces
  1835 | D:2      | 1835 ||| SHOPLISTING +0 leather armour of cold resistance
                  | (90 gold, have 13).
  1835 | D:2      | 1835 ||| SHOPLISTING +1 helmet of the Filigreed God {rC+}
                  | (235 gold, have 13).
  1973 | D:2      | Found a hide-covered altar of Uskayaw.
  2230 | D:2      | 2230 ||| UPGRADING to +0 cloak of poison resistance.
  2235 | D:2      | 2235 ||| UPGRADING to amulet of regeneration.
  2240 | D:2      | 2240 ||| DROPPING ring of wizardry.
  2241 | D:2      | 2241 ||| READING 2 scrolls labelled KINWUKHAIPP.
  2242 | D:2      | 2242 ||| READING scroll labelled GIXUPOXAYS.
  2243 | D:2      | 2243 ||| READING 3 scrolls of identify.
  2243 | D:2      | 2243 ||| IDENTIFYING puce potion
  2244 | D:2      | 2244 ||| READING 2 scrolls of identify.
  2244 | D:2      | 2244 ||| IDENTIFYING smoky golden potion
  2245 | D:2      | 2245 ||| DROPPING scroll of amnesia.
  2246 | D:2      | 2246 ||| DROPPING potion of flight.
  2278 | D:3      | Reached skill level 4 in Axes
  2309 | D:3      | You fall into a shaft and drop 2 floors!
  2309 | D:5      | Entered Level 5 of the Dungeon
  2397 | D:5      | Reached XP level 5. HP: 29/32 MP: 5/5
  2412 | D:5      | Noticed a black bear
  2431 | D:5      | Killed a black bear
  2432 | D:5      | Reached skill level 5 in Axes
  2432 | D:5      | Reached XP level 6. HP: 14/37 MP: 6/6
  2560 | D:5      | Noticed a black bear
  2570 | D:5      | Killed a black bear
  2576 | D:5      | 2576 ||| READING scroll labelled OFOITZ ALAFE.
  2677 | D:5      | 2677 ||| READING scroll labelled TIOTREZAATYST.
  2678 | D:5      | 2678 ||| READING scroll labelled APEATH SALOEZARRA.
  2695 | D:4      | Noticed Natasha
  2696 | D:4      | 2696 ||| PLANNING OSSUARY
  2703 | D:4      | Killed Natasha
  2704 | D:4      | Reached skill level 1 in Dodging
  2713 | D:4      | 2713 ||| DROPPING +0 club.
  2743 | D:4      | Noticed Natasha
  2756 | D:4      | Killed Natasha
  2757 | D:4      | Reached XP level 7. HP: 37/44 MP: 7/7
  2875 | D:4      | Found an iron altar of Okawaru.
  2910 | D:4      | Noticed Robin
  2911 | D:4      | 2911 ||| Stepping ~*~*~tactically~*~*~ (hiding).
  2924 | D:4      | Noticed Sigmund
  2926 | D:4      | 2926 ||| Stepping ~*~*~tactically~*~*~ (hiding).
  2934 | D:4      | Reached skill level 6 in Axes
  2935 | D:4      | Killed Robin
  2944 | D:4      | Killed Sigmund
  2959 | D:4      | 2959 ||| DROPPING +0 whip.
  3033 | D:4      | Noticed Pikel
  3049 | D:4      | Killed Pikel
  3050 | D:4      | Reached skill level 8 in Axes
  3050 | D:4      | Reached XP level 8. HP: 37/48 MP: 8/8
  3151 | D:4      | 3151 ||| Stepping ~*~*~tactically~*~*~ (hiding).
  3173 | D:4      | Found Adougren's One-of-a-Kind Rings.
  3181 | D:4      | 3181 ||| BUYING +2 ring of evasion (100 gold).
  3181 | D:4      | Bought a +2 ring of evasion for 100 gold pieces
  3181 | D:4      | 3181 ||| SHOPLISTING +3 ring of protection (210 gold, have
                  | 19).
  3181 | D:4      | 3181 ||| SHOPLISTING +5 ring of evasion (550 gold, have
                  | 19).
  3181 | D:4      | 3181 ||| SHOPLISTING +5 ring of protection (550 gold, have
                  | 19).
  3181 | D:4      | 3181 ||| SHOPLISTING +9 ring of dexterity (780 gold, have
                  | 19).
  3243 | D:4      | Noticed Natasha
  3251 | D:4      | Killed Natasha
  3262 | D:4      | Noticed Menkaure
  3274 | D:4      | Killed Menkaure
  3353 | D:4      | Found a sand-covered staircase.
  3354 | D:4      | 3354 ||| UPGRADING to +0 helmet.
  3359 | D:4      | 3359 ||| UPGRADING to +2 ring of evasion.
  3360 | D:4      | 3360 ||| READING scroll labelled XAOZAZ ECEEHY.
  3364 | D:4      | 3364 ||| READING scroll labelled MOXKAX NAHO.
  3365 | D:4      | 3365 ||| READING scroll labelled ZORUKA XUOCYVO.
  3366 | D:4      | 3366 ||| READING 2 scrolls of identify.
  3366 | D:4      | 3366 ||| IDENTIFYING silvery potion
  3367 | D:4      | 3367 ||| DROPPING potion of ambrosia.
  3403 | D:4      | Became a worshipper of Warmaster Okawaru
  3405 | D:4      | 3405 ||| RIP OSSUARY
  3432 | D:4      | 3432 ||| PLANNING D:1-11
  3470 | D:3      | Noticed Jessica
  3478 | D:3      | Killed Jessica
  4035 | D:3      | 4035 ||| READING scroll labelled ACKOCA YNACK.
  4134 | D:4      | Found a stormy altar of Qazlal.
  4155 | D:4      | 4155 ||| Stepping ~*~*~tactically~*~*~ (stealth).
  4158 | D:4      | 4158 ||| Stepping ~*~*~tactically~*~*~ (stealth).
  4293 | D:5      | Noticed Dowan
  4294 | D:5      | 4294 ||| Stepping ~*~*~tactically~*~*~ (hiding).
  4295 | D:5      | 4295 ||| Stepping ~*~*~tactically~*~*~ (hiding).
  4302 | D:5      | Killed Dowan
  4303 | D:5      | Reached skill level 6 in Fighting
  4456 | D:5      | Reached XP level 9. HP: 39/55 MP: 9/9
  4498 | D:5      | Noticed Duvessa
  4507 | D:5      | Killed Duvessa
  4508 | D:5      | Reached skill level 9 in Axes
  4631 | D:5      | Identified the +6 spear "Qoarr" {pain, rF+}
  4763 | D:6      | Found a staircase to the Ecumenical Temple.
  4772 | D:6      | 4772 ||| Stepping ~*~*~tactically~*~*~ (hiding).
  4773 | D:6      | 4773 ||| Stepping ~*~*~tactically~*~*~ (hiding).
  4811 | D:6      | 4811 ||| Stepping ~*~*~tactically~*~*~ (hiding).
  4812 | D:6      | 4812 ||| Stepping ~*~*~tactically~*~*~ (hiding).
  4817 | D:6      | Reached * piety under Okawaru
  4860 | D:6      | 4860 ||| Stepping ~*~*~tactically~*~*~ (stealth).
  4862 | D:6      | 4862 ||| Stepping ~*~*~tactically~*~*~ (stealth).
  4894 | D:6      | Found a transporter.
  4898 | D:6      | Noticed qw's ghost (novice GrFi)
  4975 | D:6      | Reached skill level 1 in Invocations
  5006 | D:6      | Found a transporter.
  5068 | D:6      | Found a radiant altar of Vehumet.
  5095 | D:6      | 5095 ||| Stepping ~*~*~tactically~*~*~ (stealth).
  5097 | D:6      | 5097 ||| INVOKING Heroism.
  5317 | D:6      | 5317 ||| UPGRADING to ring of see invisible.
  5319 | D:6      | 5319 ||| READING 3 scrolls of identify.
  5319 | D:6      | 5319 ||| IDENTIFYING coppery potion
  5320 | D:6      | 5320 ||| READING 2 scrolls of identify.
  5320 | D:6      | 5320 ||| IDENTIFYING fizzy grey potion
  5321 | D:6      | 5321 ||| DROPPING potion of degeneration.
  5333 | D:7      | Noticed a +0 falchion
  5333 | D:7      | Noticed a +0 short sword
  5333 | D:7      | Noticed a +0 falchion
  5333 | D:7      | Noticed a +0 spear
  5334 | D:7      | Noticed a +0 short sword
  5335 | D:7      | Noticed a +0 dagger
  5354 | D:7      | Found a hide-covered altar of Uskayaw.
  5355 | D:7      | Noticed a +0 spear
  5357 | D:7      | Noticed a +0 dagger
  5540 | D:7      | Reached skill level 3 in Invocations
  5645 | D:7      | 5645 ||| Stepping ~*~*~tactically~*~*~ (hiding).
  5649 | D:7      | 5649 ||| INVOKING Heroism.
  5862 | D:7      | 5862 ||| UPGRADING to +0 plate armour.
  5872 | D:7      | 5872 ||| DROPPING +0 scale mail.
  5873 | D:7      | 5873 ||| READING scroll labelled HEASOY JYERONK.
  5887 | D:8      | 5887 ||| FLEEEEING.
  5889 | D:8      | 5889 ||| STAIRDANCE
  5998 | D:8      | 5998 ||| Stepping ~*~*~tactically~*~*~ (hiding).
  6002 | D:8      | 6002 ||| INVOKING Heroism.
  6006 | D:8      | 6006 ||| Stepping ~*~*~tactically~*~*~ (stealth).
  6008 | D:8      | Noticed Grum
  6016 | D:8      | Killed Grum
  6022 | D:8      | 6022 ||| INVOKING Heroism.
  6028 | D:8      | Reached skill level 6 in Armour
  6125 | D:8      | Noticed a komodo dragon
  6126 | D:8      | 6126 ||| INVOKING Heroism.
  6136 | D:8      | Killed a komodo dragon
  6136 | D:8      | Reached ** piety under Okawaru
  6137 | D:8      | Reached XP level 10. HP: 35/63 MP: 11/13
  6194 | D:8      | 6194 ||| Stepping ~*~*~tactically~*~*~ (hiding).
  6195 | D:8      | 6195 ||| Stepping ~*~*~tactically~*~*~ (hiding).
  6199 | D:8      | 6199 ||| INVOKING Heroism.
  6239 | D:8      | 6239 ||| INVOKING Heroism.
  6249 | D:8      | Reached skill level 10 in Axes
  6257 | D:8      | Reached *** piety under Okawaru
  6467 | D:8      | 6467 ||| Stepping ~*~*~tactically~*~*~ (stealth).
  6470 | D:8      | 6470 ||| Stepping ~*~*~tactically~*~*~ (hiding).
  6539 | D:8      | Found a staircase to the Lair.
  6547 | D:8      | 6547 ||| PLANNING LAIR
  6548 | Lair:1   | Entered Level 1 of the Lair of Beasts
  6580 | Lair:1   | Noticed a cane toad
  6581 | Lair:1   | 6581 ||| INVOKING Heroism.
  6582 | Lair:1   | 6582 ||| Stepping ~*~*~tactically~*~*~ (stealth).
  6587 | Lair:1   | Killed a cane toad
  6683 | Lair:1   | Found a frozen archway.
  6684 | Lair:1   | 6684 ||| Stepping ~*~*~tactically~*~*~ (stealth).
  6709 | Lair:1   | 6709 ||| INVOKING Heroism.
  6750 | Lair:1   | 6750 ||| INVOKING Heroism.
  6761 | Lair:1   | Reached **** piety under Okawaru
  6774 | Lair:1   | 6774 ||| INVOKING Heroism.
  6796 | Lair:1   | Reached XP level 11. HP: 68/68 MP: 13/15
  6798 | Lair:1   | 6798 ||| INVOKING Heroism.
  6922 | Lair:1   | 6922 ||| INVOKING Heroism.
  6926 | Lair:1   | Reached skill level 11 in Axes
  6928 | Lair:1   | Reached skill level 6 in Invocations
  6936 | Lair:1   | Reached ***** piety under Okawaru
  7009 | Lair:1   | 7009 ||| Stepping ~*~*~tactically~*~*~ (stealth).
  7013 | Lair:1   | 7013 ||| INVOKING Heroism.
  7041 | Lair:1   | 7041 ||| Stepping ~*~*~tactically~*~*~ (stealth).
  7056 | Lair:1   | 7056 ||| INVOKING Heroism.
  7072 | Lair:1   | 7072 ||| INVOKING Heroism.
  7418 | Lair:1   | 7418 ||| READING 2 scrolls of identify.
  7418 | Lair:1   | 7418 ||| IDENTIFYING metallic silvery potion
  7512 | Lair:2   | 7512 ||| READING scroll of enchant weapon.
  7512 | Lair:2   | 7512 ||| ENCHANTING +1 war axe of freezing.
  7527 | Lair:2   | 7527 ||| Stepping ~*~*~tactically~*~*~ (stealth).
  7530 | Lair:2   | 7530 ||| INVOKING Heroism.
  7570 | Lair:2   | Reached skill level 9 in Fighting
  7593 | Lair:2   | Identified the +0 pair of gloves "Rymnuk" {Drain rPois
                  | Regen+ rCorr} (Okawaru gifted it to you on level 2 of the
                  | Lair of Beasts)
  7593 | Lair:2   | Received a gift from Okawaru
  7600 | Lair:2   | 7600 ||| INVOKING Heroism.
  7707 | Lair:2   | 7707 ||| INVOKING Heroism.
  7828 | Lair:2   | 7828 ||| INVOKING Heroism.
  7830 | Lair:2   | Reached skill level 9 in Invocations
  7836 | Lair:2   | Reached XP level 12. HP: 60/76 MP: 15/18
  8277 | Lair:2   | 8277 ||| UPGRADING to +0 pair of gloves "Rymnuk" {Drain
                  | rPois Regen+ rCorr}.
  8287 | Lair:2   | 8287 ||| DROPPING +0 pair of gloves.
  8288 | Lair:2   | 8288 ||| DRINKING 2 sedimented cyan potions.
  8289 | Lair:2   | 8289 ||| DRINKING 2 sapphire potions.
  8290 | Lair:2   | 8290 ||| READING 2 scrolls of identify.
  8290 | Lair:2   | 8290 ||| IDENTIFYING dark potion
  8291 | Lair:2   | 8291 ||| DROPPING potion of berserk rage.
  8391 | Lair:3   | 8391 ||| Stepping ~*~*~tactically~*~*~ (stealth).
  8449 | Lair:3   | Found a hole to the Spider Nest.
  8450 | Lair:3   | 8450 ||| INVOKING Heroism.
  8457 | Lair:3   | Reached skill level 12 in Axes
  8587 | Lair:3   | 8587 ||| Stepping ~*~*~tactically~*~*~ (stealth).
  8682 | Lair:3   | Found a staircase to the Shoals.
  8688 | Lair:3   | 8688 ||| INVOKING Heroism.
  8714 | Lair:3   | You fall into a shaft and drop 2 floors!
  8714 | Lair:5   | Entered Level 5 of the Lair of Beasts
  8731 | Lair:5   | Received a gift from Okawaru
  8732 | Lair:5   | Reached skill level 9 in Armour
  8740 | Lair:5   | 8740 ||| INVOKING Heroism.
  8744 | Lair:5   | Reached skill level 6 in Shields
  8767 | Lair:5   | 8767 ||| Stepping ~*~*~tactically~*~*~ (stealth).
  8768 | Lair:5   | 8768 ||| Stepping ~*~*~tactically~*~*~ (stealth).
  8784 | Lair:5   | Noticed a death yak
  8785 | Lair:5   | 8785 ||| INVOKING Heroism.
  8786 | Lair:5   | 8786 ||| INVOKING Finesse.
  8804 | Lair:5   | Killed a death yak
  8864 | Lair:5   | 8864 ||| Stepping ~*~*~tactically~*~*~ (stealth).
  8899 | Lair:5   | 8899 ||| Stepping ~*~*~tactically~*~*~ (stealth).
  8920 | Lair:5   | Noticed an eight-headed hydra
  8921 | Lair:5   | 8921 ||| INVOKING Heroism.
  8922 | Lair:5   | 8922 ||| INVOKING Finesse.
  8925 | Lair:5   | 8925 ||| SWAPPING to +0 flail.
  8933 | Lair:5   | Killed an eight-headed hydra
  8934 | Lair:5   | 8934 ||| SWAPPING to +2 war axe of freezing.
  9005 | Lair:5   | 9005 ||| READING 2 scrolls of identify.
  9005 | Lair:5   | 9005 ||| IDENTIFYING clear potion
  9020 | Lair:4   | 9020 ||| INVOKING Heroism.
  9021 | Lair:4   | 9021 ||| INVOKING Finesse.
  9051 | Lair:4   | 9051 ||| INVOKING Finesse.
  9059 | Lair:4   | 9059 ||| INVOKING Heroism.
  9083 | Lair:4   | 9083 ||| INVOKING Finesse.
  9101 | Lair:4   | 9101 ||| INVOKING Heroism.
  9109 | Lair:4   | 9109 ||| READING 3 scrolls of teleportation.
  9126 | Lair:4   | 9126 ||| READING 2 scrolls of teleportation.
  9134 | Lair:4   | Received a gift from Okawaru
  9135 | Lair:4   | Reached skill level 13 in Axes
  9138 | Lair:4   | 9138 ||| READING scroll of teleportation.
  9185 | Lair:4   | 9185 ||| INVOKING Heroism.
  9186 | Lair:4   | 9186 ||| INVOKING Finesse.
  9232 | Lair:4   | 9232 ||| INVOKING Heroism.
  9240 | Lair:4   | 9240 ||| INVOKING Finesse.
  9280 | Lair:4   | 9280 ||| INVOKING Heroism.
  9281 | Lair:4   | 9281 ||| INVOKING Finesse.
  9310 | Lair:4   | 9310 ||| INVOKING Heroism.
  9338 | Lair:4   | 9338 ||| INVOKING Heroism.
  9358 | Lair:4   | HP: 17/77 [oklob plant/splash of acid (14)]
  9359 | Lair:4   | 9359 ||| DRINKING 4 potions of heal wounds.
  9379 | Lair:4   | 9379 ||| READING scroll of brand weapon.
  9379 | Lair:4   | 9379 ||| BRANDING +2 war axe of freezing.
  9380 | Lair:4   | 9380 ||| DROPPING +0 flail.
  9381 | Lair:4   | 9381 ||| INVOKING Heroism.
  9406 | Lair:4   | 9406 ||| INVOKING Heroism.
  9429 | Lair:4   | 9429 ||| INVOKING Heroism.
  9432 | Lair:4   | HP: 16/77 [oklob plant/splash of acid (14)]
  9433 | Lair:4   | 9433 ||| DRINKING 3 potions of heal wounds.
  9437 | Lair:4   | 9437 ||| DRINKING 2 potions of heal wounds.
  9440 | Lair:4   | HP: 15/77 [oklob plant/splash of acid (12)]
  9441 | Lair:4   | 9441 ||| DRINKING potion of heal wounds.
  9444 | Lair:4   | 9444 ||| INVOKING Heroism.
  9448 | Lair:4   | HP: 14/77 [oklob plant/splash of acid (8)]
  9451 | Lair:4   | HP: 6/77 [oklob plant/splash of acid (13)]
  9461 | Lair:4   | HP: 16/77 [oklob plant/splash of acid (8)]
  9469 | Lair:4   | HP: 11/77 [oklob plant/splash of acid (15)]
  9475 | Lair:4   | HP: 16/77 [oklob plant/splash of acid (6)]
  9476 | Lair:4   | 9476 ||| INVOKING Heroism.
  9481 | Lair:4   | Killed from afar by an oklob plant

Levels and vault maps discovered:
D:1:      erik_arrival_cave_to_civilisation [erik_arrival_cave_to_temple],
          layout_basic, chequers_ecumenical_altar_simple_redux, fountainhead,
          minivault_5, minmay_pentomino_q2
D:2:      layout_basic, basic_altar, serial_shops, shop,
          minmay_misc_feat_secret_circle, minmay_hedge_maze
D:3:      layout_basic, uniq_jessica
D:4:      layout_loops_ring, mainiacjoe_overflow_boulevard,
          kennysheep_little_box, enter_ossuary_5, st_stairs_11,
          nicolae_shop_unique_rings, chequers_serial_rivers_micro_d, uniq_robin,
          uniq_natasha, uniq_sigmund, uniq_pikel, uniq_menkaure
D:5:      layout_loops_ring, uniq_duvessa
D:6:      layout_rooms, gammafunk_temple_overflow_forgotten,
          minmay_temple_entry_ruins, gammafunk_ghost_stat_death
D:7:      layout_cave_pools, nicolae_uskayaw_en_pointe, serial_column_ruins,
          column_ruins_hut, column_ruins_hut, column_ruins_open_tiny,
          column_ruins_open_small, column_ruins_grid_1, column_ruins_open_small,
          column_ruins_grid_2
D:8:      layout_rooms, david_lair_shrubbed, uniq_grum
Lair:1:   layout_roguey, special_room [special_room_bee],
          portal_ice_cave_entry_ice_simulacra, serial_bayou_ford_a
Lair:2:   layout_loops_ring, grunt_megastairs_3
Lair:3:   minmay_guarded_unrand_snakebite, layout_gridlike,
          minmay_shoals_entry_centaurs, spider_nest_entry_rubble,
          lemuel_fruit_tree, grunt_megastairs_2, uniq_sonja
Lair:4:   layout_gridlike, slime_entry_1, minmay_lair_oklob_bushes,
          nicolae_lair_lakeside_cave
Lair:5:   hangedman_lair_tendril_chambers, layout_gridlike,
          nicolae_volcano_entry_vermiform, eino_house_with_fridge

Skill      XL: |  1  2  3  4  5  6  7  8  9 10 11 12 |
---------------+-------------------------------------+-----
Axes           | 2 3 4 5 8 9 10 11 13 | 13.0
Fighting       | 4 6 7 8 9 10 | 10.2
Dodging        | 1 2 |  2.2
Throwing       | 2 |  2.3
Shields        | 4 5 6 |  6.3
Invocations    | 4 5 9 10 | 10.0
Armour         | 6 7 8 9 |  9.1

Action                   |  1- 3 |  4- 6 |  7- 9 | 10-12 || total
-------------------------+-------+-------+-------+-------++-------
Melee: War axe           |    81 |    80 |   292 |   487 ||   940
       Flail             |       |       |       |     7 ||     7
Throw: Boomerang         |       |       |    66 |    60 ||   126
Invok: Heroism           |       |       |     5 |    33 ||    38
       Finesse           |       |       |       |     8 ||     8
  Use: Scroll            |     5 |     7 |     8 |     8 ||    28
       Potion            |       |       |       |     6 ||     6
Armor: Scale mail        |    45 |    50 |   109 |       ||   204
       Plate armour      |       |       |    16 |   247 ||   263
Dodge: Dodged            |    29 |    83 |   199 |   230 ||   541
Block: Buckler           |    17 |    14 |    51 |   125 ||   207

Table legend:
 A = Non-vault XP
 B = Vault XP
 C = Vault XP percentage of total XP
 D = Non-vault monster count
 E = Vault monster count
 F = Vault count percentage of total count
                 A         B        C        D         E       F
            +---------+---------+-------+---------+---------+-------
      Total |   23962 |    7416 |  23.6 |     198 |      76 |  27.7
            +---------+---------+-------+---------+---------+-------
        D:1 |      34 |       6 |  15.0 |      20 |       3 |  13.0
        D:2 |      57 |       0 |   0.0 |      17 |       0 |   0.0
        D:3 |      53 |      37 |  41.1 |      14 |       1 |   6.7
        D:4 |     339 |    1100 |  76.4 |      21 |      19 |  47.5
        D:5 |     778 |     211 |  21.3 |      13 |       2 |  13.3
        D:6 |     689 |       0 |   0.0 |      14 |       0 |   0.0
        D:7 |     467 |       0 |   0.0 |       9 |       0 |   0.0
        D:8 |    1698 |     741 |  30.4 |      19 |       4 |  17.4
     Lair:1 |    5310 |    2046 |  27.8 |      24 |      29 |  54.7
     Lair:2 |    5348 |     548 |   9.3 |      15 |       2 |  11.8
     Lair:3 |    1998 |    1534 |  43.4 |      10 |      12 |  54.5
     Lair:4 |    1038 |       0 |   0.0 |       3 |       0 |   0.0
     Lair:5 |    6153 |    1193 |  16.2 |      19 |       4 |  17.4
            +---------+---------+-------+---------+---------+-------
